 Dungeon Crawl Stone Soup version 0.17.2 (webtiles) character file.

813 Charly the Grappler (level 7, -2/57 HPs)
             Began as a Ghoul Monk on July 17, 2016.
             Slain by a wyvern skeleton (13 damage)
             ... on level 7 of the Dungeon.
             The game lasted 00:16:59 (1189 turns).

Charly the Grappler (Ghoul Monk)                    Turns: 1189, Time: 00:17:00

Health: -2/57      AC:  3    Str: 15    XL:     7   Next: 93%
Magic:  6/6        EV: 13    Int:  5    God:
Gold:   161        SH:  0    Dex: 13    Spells: 0 memorised, 6 levels left

rFire  . . .     SeeInvis .       - Unarmed
rCold  + . .     Clarity  .     a - +1 robe
rNeg   + + +     SustAt   .     (no shield)
rPois  ∞         Gourm    .     (no helmet)
rElec  .         Spirit   .     (no cloak)
rCorr  .         Warding  .     (no gloves)
rMut   .         Stasis   .     (no boots)
MR     .....                    (no amulet)
Stlth  ++........               (no ring)
                                (no ring)

@: rotting, not resistant to hostile enchantments, unstealthy
A: rotting body, claws 1, carnivore 3, cold resistance 1, negative energy
resistance 3, slow regeneration 1, torment resistance, unbreathing
a: no special abilities


You were on level 7 of the Dungeon.
You were not hungry.

You visited 2 branches of the dungeon, and saw 8 of its levels.

You collected 161 gold pieces.

Inventory:

Armour
 a - a +1 robe (worn)
Wands
 o - a wand of hasting (6)
 r - a wand of confusion (25)
Scrolls
 c - 2 scrolls of teleportation {unknown}
 f - a scroll of amnesia {unknown}
 g - a scroll of immolation {unknown}
 h - 3 scrolls of enchant armour
 i - a scroll of blinking {unknown}
 j - a scroll of recharging {unknown}
 k - a scroll of identify {unknown}
 m - a scroll of fear {unknown}
 q - a scroll of remove curse {unknown}
Potions
 d - a potion of heal wounds {unknown}
 e - a potion of flight {unknown}
 l - a potion of might {unknown}
 n - a potion of curing {unknown}
 p - a potion of resistance {unknown}
Comestibles
 b - 2 meat rations


   Skills:
 - Level 3.2 Fighting
 - Level 2.6 Dodging
 - Level 2.1 Stealth
 + Level 10.3 Unarmed Combat


You had 6 spell levels left.
You didn't know any spells.

Dungeon Overview and Level Annotations

Branches:
Dungeon (7/15)             Temple (1/1) D:7

Altars:
Ashenzari
Elyvilon
Makhleb
Qazlal
Sif Muna
Vehumet
Xom
Zin
The Shining One

Shops:
D:7 [


Innate Abilities, Weirdness & Mutations

Your body is rotting away.
You thrive on raw meat.
You are immune to poison.
You have sharp fingernails.
You are carnivorous and can eat meat at any time.
Your flesh is cold resistant.
You are immune to negative energy.
You regenerate slowly when monsters are visible.
You are immune to unholy pain and torment.
You can survive without breathing.


Message History

You kill the giant frog!
You see here a giant frog corpse.
You butcher the giant frog corpse.
You see here 2 chunks of flesh.
Eat one of 2 chunks of flesh? (ye/n/q/i?)
You feel more resilient.
This raw flesh tastes great!
You continue eating. x2
Eat a chunk of flesh? (ye/n/q/i?) This raw flesh tastes great!
You continue eating. x2
A wyvern skeleton comes into view.
You completely miss the wyvern skeleton.
The wyvern skeleton bites you!
You claw the wyvern skeleton!
The wyvern skeleton bites you but does no damage.
You claw the wyvern skeleton! The wyvern skeleton barely misses you.
You scratch the wyvern skeleton. The wyvern skeleton bites you!
* * * LOW HITPOINT WARNING * * *
You claw the wyvern skeleton! The wyvern skeleton bites you!
You die...

#.###############.
#.# #...# #. #.#
#...# #. #.# #...#
#. #.# #...# #.
#.# #?..# . #.#
#.# #@# #Z# #.#
#.# #.# #.# #.#
#.#


You could see a wyvern skeleton.

Vanquished Creatures
  A hungry ghost (D:7)
  A sky beast (D:7)
  3 giant frogs
  A hound (D:5)
  A crimson imp (D:6)
  A jelly (D:7)
  A centaur skeleton (D:4)
  4 orc wizards
  3 worker ants
  A hound skeleton (D:6)
  3 adders
  A shadow imp (D:5)
  A worm (D:5)
  An adder skeleton (D:4)
  2 giant geckos
  9 orcs
  A kobold (D:3)
  A quokka (D:7)
  2 giant cockroaches
  3 giant newts
  2 quokka skeletons
  A quokka zombie (D:7)
  A rat (D:3)
45 creatures vanquished.

Notes
Turn   | Place    | Note
--------------------------------------------------------------
     0 | D:1      | Charly the Ghoul Monk began the quest for the Orb.
     0 | D:1      | Reached XP level 1. HP: 19/19 MP: 0/0
    58 | D:2      | Reached XP level 2. HP: 20/26 MP: 1/1
    69 | D:3      | Reached skill level 5 in Unarmed Combat
    78 | D:3      | Found a stormy altar of Qazlal.
   151 | D:4      | Reached XP level 3. HP: 21/30 MP: 2/2
   224 | D:4      | Reached skill level 6 in Unarmed Combat
   224 | D:4      | Reached XP level 4. HP: 28/37 MP: 3/3
   286 | D:4      | Found a radiant altar of Vehumet.
   325 | D:4      | Found a shattered altar of Ashenzari.
   329 | D:4      | Reached XP level 5. HP: 34/45 MP: 4/4
   388 | D:4      | Reached skill level 7 in Unarmed Combat
   479 | D:5      | Entered Level 5 of the Dungeon
   577 | D:5      | Reached XP level 6. HP: 41/51 MP: 5/5
   636 | D:6      | Reached skill level 8 in Unarmed Combat
   734 | D:6      | Reached XP level 7. HP: 38/57 MP: 6/6
   750 | D:7      | Noticed a hungry ghost
   772 | D:7      | Killed a hungry ghost
   772 | D:7      | Reached skill level 9 in Unarmed Combat
   809 | D:7      | Found a staircase to the Ecumenical Temple.
   818 | Temple   | Entered the Ecumenical Temple
  1073 | D:7      | Reached skill level 10 in Unarmed Combat
  1104 | D:7      | Found Alisaeg's Armour Boutique.
  1146 | D:7      | Noticed a hippogriff
  1189 | D:7      | Slain by a wyvern skeleton

Action                   |  1- 3 |  4- 6 |  7- 9 || total
-------------------------+-------+-------+-------++-------
Melee: Unarmed           |    40 |    87 |    64 ||   191
  Use: Scroll            |       |       |     1 ||     1
 Stab: Sleeping          |     1 |     3 |       ||     4
       Distracted        |       |     1 |       ||     1
  Eat: Chunk             |     3 |    11 |    11 ||    25
